 Dungeon Crawl Stone Soup version 0.27.1-35-g4d5d836560 (webtiles) character file.

Game seed: 13063173979996657580

471 Delamore the Chopper (level 7, -1/52 HPs)
             Began as a Formicid Fighter on May 3, 2022.
             Slain by an orc warrior (13 damage)
             ... on level 4 of the Dungeon.
             The game lasted 00:04:01 (4589 turns).

Delamore the Chopper (Formicid Fighter)             Turns: 4589, Time: 00:04:02

Health: -1/52      AC:  6    Str: 23    XL:     7   Next: 31%
Magic:  7/7        EV:  8    Int:  7    God:
Gold:   158        SH: 10    Dex: 10    Spells: 6/6 levels left

rFire    . . .     SeeInvis +   a - +1 war axe (freeze)
rCold    . . .     Faith    .   c - +0 kite shield
rNeg     . . .     Spirit   .   b - +0 scale mail
rPois    .         Reflect  .   (helmet unavailable)
rElec    .         Harm     .   (no cloak)
rCorr    .         Rampage  .   (no gloves)
Will     .....                  (no boots)
Stlth    ..........             j - amulet of magic regeneration
HPRegen  0.17/turn              (no ring)
MPRegen  0.35/turn              (no ring)

@: no status effects
A: permanent stasis, dig shafts and tunnels, antennae 3, four strong arms
a: Dig, Shaft Self


You were on level 4 of the Dungeon.
You visited 1 branch of the dungeon, and saw 5 of its levels.

You collected 218 gold pieces.
You spent 60 gold pieces at shops.

Inventory:

Hand Weapons
 a - a +1 war axe of freezing (weapon)
Missiles
 k - a throwing net
 p - 4 javelins
 q - 4 boomerangs
Armour
 b - a +0 scale mail (worn)
 c - a +0 kite shield (worn)
Jewellery
 j - an amulet of magic regeneration (around neck)
Scrolls
 f - a scroll of vulnerability
 r - a scroll of amnesia {unknown}
 s - a scroll of immolation
Potions
 d - 2 potions of might
 e - 2 potions of degeneration
 g - 2 potions of curing
 h - 3 potions of heal wounds
 i - 3 potions of flight {unknown}
 l - a potion of brilliance {unknown}
 m - a potion of resistance {unknown}
 n - a potion of haste {unknown}


   Skills:
 - Level 3.2 Fighting
 * Level 6.9 Axes
 - Level 3.2 Armour
 - Level 5.0 Shields


You had 6 spell levels left.
You didn't know any spells.
Your spell library contained the following spells:

 Spells                   Type           Power      Damage    Failure   Level
 Ozocubu's Armour         Ice            0%         N/A       100%        3
 Summon Guardian Golem    Hex/Summ       0%         N/A       100%        3
 Orb of Destruction       Conj           0%         N/A       100%        7
 Ozocubu's Refrigeration  Ice            0%         4d5       100%        7
 Spellforged Servitor     Conj/Summ      0%         N/A       100%        7


Dungeon Overview and Level Annotations

Branches:
Dungeon (5/15)
 Temple: D:4-7

Altars:

Shops:
D:2 (   D:4 !


Innate Abilities, Weirdness & Mutations

You cannot be hasted, slowed, berserked, paralysed or teleported.
You can dig through walls and to a lower floor.
You have a pair of large antennae on your head. (SInv)
Your four strong arms can wield two-handed weapons with a shield.


Message History

You slash the orc warrior! You freeze the orc warrior.
The orc warrior is heavily wounded.
The orc warrior hits you with a +1 war axe of flaming!
The orc warrior burns you.
The orc wizard gestures wildly while chanting.
The orc wizard flickers and vanishes for a moment.
The orc warrior hits you with a +1 war axe of flaming.
The orc warrior burns you.
You are too injured to fight recklessly!
You are too injured to fight recklessly!
You are too injured to fight recklessly!
You are too injured to fight recklessly!
You are too injured to fight recklessly!
You are too injured to fight recklessly!
You are too injured to fight recklessly!
You are too injured to fight recklessly!
You are too injured to fight recklessly!
You are too injured to fight recklessly!
You are too injured to fight recklessly!
You are too injured to fight recklessly!
You are too injured to fight recklessly!
You are too injured to fight recklessly!
You block the orc warrior's attack.
There is a stone staircase leading up here.
You block the orc warrior's attack.
You climb upwards.
There is a stone staircase leading down here.
You closely miss the orc warrior.
The orc warrior is moderately wounded.
The orc warrior hits you with a +1 war axe of flaming!
* * * LOW HITPOINT WARNING * * *
The orc warrior burns you.
* * * LOW HITPOINT WARNING * * *
Aiming: Paralyse
Press: ? - help, Shift-Dir - straight line, f - orc warrior
Aim: an orc warrior, wielding a +1 war axe of flaming and wearing a +0 chain mail (moderately wounded, chance to affect: 46%)
The orc warrior resists with some effort.
The now-empty wand crumbles to dust.
The orc warrior hits you with a +1 war axe of flaming!
You die...

#.########.######.# #..
#.................# #..
#..#######..#####.# #.. ######..#
#..# #.# #..
........#######.[#####.########..
#######.......................#..
################..####.######.#..
[[....# #.o# #.#####..... #####.#
#@.# #...........
##.##########..# #######<..##
#..............# ##.##
#........####.## #.# #.######.#
#.# #.# #.# #.# #.## #.# #.# #.#
#..# #.# #.# #.# ###.# #.# #.#
#.# #...# #####


You could see an orc warrior.

Vanquished Creatures
  A necrophage (D:3)
  A phantom (D:5)
  A wyvern zombie (D:4)
  A jelly (D:4)
  An iguana (D:4)
  3 gnolls (D:3)
  9 adders
  An ufetubus (D:5)
  2 worms
  A dart slug (D:4)
  11 orcs
  9 ball pythons
  4 endoplasms
  2 giant cockroaches (D:1)
  3 goblins
  4 hobgoblins
  6 kobolds
  4 quokkas
  3 bats
  6 frilled lizards
  4 rats
77 creatures vanquished.

Notes
Turn   | Place    | Note
-------+----------+-------------------------------------------
     0 | D:1      | Delamore the Formicid Fighter began the quest for the Orb.
     0 | D:1      | Reached XP level 1. HP: 18/18 MP: 1/1
    79 | D:1      | Reached XP level 2. HP: 24/24 MP: 2/2
   164 | D:1      | Found a faded altar of an unknown god.
   955 | D:2      | Reached XP level 3. HP: 29/29 MP: 3/3
   987 | D:2      | Found Qeoxux's Antique Weapon Shop.
   998 | D:2      | Reached skill level 3 in Axes
  1079 | D:2      | Reached XP level 4. HP: 26/35 MP: 4/4
  1838 | D:2      | Reached XP level 5. HP: 35/41 MP: 5/5
  2139 | D:3      | Reached skill level 4 in Axes
  2579 | D:3      | Reached skill level 5 in Shields
  2748 | D:3      | Noticed a necrophage
  2755 | D:3      | Killed a necrophage
  2756 | D:3      | Reached skill level 5 in Axes
  2756 | D:3      | Reached XP level 6. HP: 36/47 MP: 6/6
  3451 | D:4      | Reached skill level 6 in Axes
  3800 | D:4      | Reached XP level 7. HP: 48/52 MP: 7/7
  4206 | D:4      | Found Kaibepp's Distillery.
  4429 | D:4      | Bought a potion of heal wounds for 50 gold pieces
  4429 | D:4      | Bought a potion of degeneration for 10 gold pieces
  4466 | D:5      | Entered Level 5 of the Dungeon
  4589 | D:4      | Slain by an orc warrior

Illustrated notes

Levels and vault maps discovered:
D:1:      ncdulo_lavacross, layout_loops_ring, basic_ecumenical_altar
D:2:      layout_loops_ring, serial_shops, shop, minmay_tetromino_o4
D:3:      layout_basic
D:4:      layout_loops_ring, serial_shops, shop_statue, dk_noncrumbling_2
D:5:      layout_loops_ring, kennysheep_crisscross, kennysheep_small_square

Skill      XL: |  1  2  3  4  5  6 |
---------------+-------------------+-----
Shields        | 4 5 |  5.0
Axes           | 3 5 6 |  6.9
Fighting       | |  3.2
Armour         | |  3.2

Action                   |  1- 3 |  4- 6 |  7- 9 || total
-------------------------+-------+-------+-------++-------
Melee: War axe           |    72 |   144 |    37 ||   253
 Abil: Dig               |       |       |     1 ||     1
Evoke: Wand              |       |     5 |     1 ||     6
  Use: Scroll            |     3 |     4 |     1 ||     8
 Stab: Paralysed         |       |     5 |       ||     5
Armor: Scale mail        |    19 |    42 |     8 ||    69
Dodge: Dodged            |    30 |    34 |     8 ||    72
Block: Kite shield       |    45 |    70 |    20 ||   135
